 Dungeon Crawl Stone Soup version 0.32-a0-938-g40ac7a0 (webtiles) character file.

Game seed: 4935434594401657555

731364 bochi the Conqueror (level 27, -8/461 HPs)
             Began as an Oni Ice Elementalist on Apr 20, 2024.
             Was the Champion of Cheibriados.
             Mangled by a demonspawn warmonger
             ... wielding a +1 demon trident of flaming
              (28 damage)
             ... on level 27 of a ziggurat on Apr 21, 2024.
             The game lasted 02:10:28 (75197 turns).

bochi the Conqueror (Oni Ice Elementalist)         Turns: 75197, Time: 02:10:29

Health: -8/461     AC: 38    Str: 41    XL:     27
Magic:  26/71      EV: 26    Int: 40    God:    Cheibriados [******]
Gold:   7149       SH:  0    Dex: 26    Spells: 60/76 levels left

rFire   + + +        m - +9 giant spiked club (spect)
rCold   + . .        (shield currently unavailable)
rNeg    + + +        y - melded +2 robe {rC+ rF+}
rPois   ∞            B - +3 hat of Pondering {ponderous, Will+ MP+10 Int+5}
rElec   +            W - +1 cloak of Starlight {*Dazzle EV+4 Stlth--}
rCorr   +            (gloves unavailable)
SInv    +            (boots unavailable)
Will    ++++.        P - amulet of magic regeneration
Stlth   +            Z - ring "Geihiux" {rF+ rN++ rCorr MP+9 Slay+3}
HPRegen 0.96/turn    J - ring "Hiseskes" {Will+ SInv}
MPRegen 0.82/turn

%: no passive effects
@: mighty, statue-form, resistant, magic-sapped, slowed, studying 3 skills, very
slow
A: slow and powerful, torment resistance 1, boosted hp, large, unfitting armour,
horns 1, (tough skin 1), double potion healing, drunken brawling, talons 1, thin
skeletal structure 1, fire resistance 1, robust 1, screaming 1
}: 4/15 runes: serpentine, barnacled, slimy, silver
a: Begin Untransformation, Renounce Religion, Bend Time, Temporal Distortion,
Slouch, Step From Time


You were on level 27 of a ziggurat.
You worshipped Cheibriados.
Cheibriados was exalted by your worship.
You were a living statue of rough stone.
You visited 11 branches of the dungeon, and saw 51 of its levels.
You visited 1 ziggurat, and saw 27 of its levels.
You also visited: Gauntlet and Volcano.

You collected 12511 gold pieces.
You spent 5362 gold pieces at shops.

Inventory:

Hand Weapons
 a - a +9 giant spiked club of draining
 i - the +8 trishula "Condemnation" {holy, anguish, *Noise Fly rN+}
   (You found it on level 22 of a ziggurat)

   rN+:       It protects you from negative energy.
   Fly:       It grants you flight.
   *Noise:    It may make a loud noise when swung.
 m - a +9 spectral giant spiked club (weapon)
 L - a +0 giant spiked club
Missiles
 l - 151 large rocks (quivered)
 A - 68 boomerangs
 C - 12 javelins
 N - 8 throwing nets
 T - 16 silver javelins
Armour
 y - a +2 robe of resistance (melded)
 B - the +3 hat of Pondering (worn) {ponderous, Will+ MP+10 Int+5}
   (You took it off Gastronok on level 11 of the Dungeon)

   Int+5:     It affects your intelligence (+5).
   Will+:     It increases your willpower.
   MP+10:     It affects your magic capacity (+10).
 W - the +1 cloak of Starlight (worn) {*Dazzle EV+4 Stlth--}
   (You found it on level 1 of the Crypt)

   *Dazzle:   It may blind those who miss an attack against the wearer in melee
   combat.
   EV+4:      It affects your evasion (+4).
   Stlth--:   It makes you much less stealthy.
Jewellery
 e - the ring "Guetrir" {Fire rN++ Will++ Str-3}
   (You found it on level 26 of a ziggurat)

   [ring of fire]

   Fire:      It enhances your fire magic.
   Str-3:     It affects your strength (-3).
   rF+:       It protects you from fire.
   rC-:       It makes you vulnerable to cold.
   rN++:      It greatly protects you from negative energy.
   Will++:    It greatly increases your willpower.
 s - the ring of Xuroud {Ice Str-2 Int+6 Slay+3}
   (You took it off Josephina on level 4 of the Depths)

   [ring of ice]

   Ice:       It enhances your ice magic.
   Str-2:     It affects your strength (-2).
   Int+6:     It affects your intelligence (+6).
   Slay+3:    It affects your accuracy & damage with ranged weapons and melee
   (+3).
   rF-:       It makes you vulnerable to fire.
   rC+:       It protects you from cold.
 x - the amulet "Qechount" {Regen+ Dex+7}
   (You found it in a Gauntlet)

   [amulet of regeneration]

   Dex+7:     It affects your dexterity (+7).
   Regen+:    It increases your rate of health regeneration.
 F - the ring of Ophodob {+Blink rPois rF+ rC+}
   (You found it on level 24 of a ziggurat)

   [ring of poison resistance]

   rF+:       It protects you from fire.
   rC+:       It protects you from cold.
   rPois:     It protects you from poison.
   +Blink:    It lets you blink.
 H - the macabre finger necklace {Finger+ rN+}
   (You found it on level 15 of a ziggurat)

   [amulet of nothing]

   Finger+:   It enables you to equip an extra ring.
   rN+:       It protects you from negative energy.
 J - the ring "Hiseskes" (right fist) {Will+ SInv}
   (You found it on level 4 of the Shoals)

   [ring of willpower]

   Will+:     It increases your willpower.
   SInv:      It lets you see invisible.
 P - an amulet of magic regeneration (around neck)
 Z - the ring "Geihiux" (left fist) {rF+ rN++ rCorr MP+9 Slay+3}
   (You found it on level 3 of the Crypt)

   [ring of protection from fire]

   Slay+3:    It affects your accuracy & damage with ranged weapons and melee
   (+3).
   rF+:       It protects you from fire.
   rN++:      It greatly protects you from negative energy.
   MP+9:      It affects your magic capacity (+9).
   rCorr:     It protects you from acid and corrosion.
Talismans
 b - a granite talisman (active)
Wands
 n - a wand of acid (48)
 K - a wand of digging (50)
Scrolls
 d - 31 scrolls of teleportation
 f - 7 scrolls of poison
 h - 14 scrolls of revelation
 k - 13 scrolls of enchant weapon
 o - a scroll of butterflies
 r - 20 scrolls of immolation
 t - 9 scrolls of vulnerability
 v - 16 scrolls of amnesia
 w - 10 scrolls of enchant armour
 D - 8 scrolls of fear
 E - 7 scrolls of silence
 G - 28 scrolls of fog
 M - 5 scrolls of torment
 U - 4 scrolls of blinking
Potions
 c - 14 potions of cancellation
 g - 8 potions of heal wounds
 j - 8 potions of berserk rage
 p - 6 potions of lignification
 q - 24 potions of mutation
 u - 5 potions of might
 z - 15 potions of curing
 I - 12 potions of enlightenment
 O - 2 potions of resistance
 Q - 6 potions of invisibility
 R - 9 potions of attraction
 Y - 4 potions of brilliance


   Skills:
 O Level 27 Fighting
 + Level 26.3 Maces & Flails
 + Level 21.5 Throwing
 - Level 15.2 Dodging
 - Level 1.4 Stealth
 * Level 25.4 Spellcasting
 - Level 16.0 Translocations
 - Level 9.0 Ice Magic
 - Level 16.0 Invocations
 - Level 21.5 Shapeshifting


You had 60 spell levels left.
You knew the following spells:

 Your Spells              Type           Power      Damage    Failure   Level
a - Freeze                Ice            100%       1d10      0%          1
b - Frozen Ramparts       Ice            100%       1d16      1%          3
c - Lesser Beckoning      Tloc           100%       N/A       0%          2
q - Ozocubu's Armour      Ice            89%        N/A       1%          3
z - Manifold Assault      Tloc           54%        N/A       1%          7

Your spell library contained the following spells:

 Spells                   Type           Power      Damage    Failure   Level
 Apportation              Tloc           100%       N/A       0%          1
 Blink                    Tloc           100%       N/A       0%          2
 Maxwell's Portable Pile  Tloc           100%       2d(15-43) 0%          3
 Teleport Other           Tloc           100%       N/A       0%          3
 Passage of Golubria      Tloc           100%       N/A       0%          4
 Foxfire                  Conj/Fire      100%       2x1d9     1%          1
 Kiss of Death            Conj/Necr      100%       2d13      1%          1
 Magic Dart               Conj           100%       1d8       1%          1
 Necrotise                Necr           100%       1d9       1%          1
 Sandblast                Erth           100%       2d20      1%          1
 Shock                    Conj/Air       100%       1d9       1%          1
 Slow                     Hex            100%       N/A       1%          1
 Sting                    Conj/Alch      100%       1d9       1%          1
 Summon Small Mammal      Summ           100%       N/A       1%          1
 Call Imp                 Summ           100%       N/A       1%          2
 Cigotuvi's Dreadful Rot  Necr/Alch/Air  100%       N/A       1%          2
 Ensorcelled Hibernation  Hex/Ice        100%       N/A       1%          2
 Jinxbite                 Hex            100%       N/A       1%          2
 Mercury Vapours          Alch/Air       100%       N/A       1%          2
 Scorch                   Fire           100%       2d9       1%          2
 Static Discharge         Conj/Air       100%       3-8/arc   1%          2
 Call Canine Familiar     Summ           50%        N/A       1%          3
 Confusing Touch          Hex            50%        N/A       1%          3
 Dazzling Flash           Conj/Hex       100%       N/A       1%          3
 Fugue of the Fallen      Necr           50%        N/A       1%          3
 Hailstorm                Conj/Ice       72%        3d13      1%          3
 Inner Flame              Hex/Fire       50%        N/A       1%          3
 Mephitic Cloud           Conj/Alch/Air  50%        N/A       1%          3
 Sigil of Binding         Hex            50%        N/A       1%          3
 Stone Arrow              Conj/Erth      100%       3d13      1%          3
 Summon Ice Beast         Ice/Summ       72%        N/A       1%          3
 Swiftness                Air            50%        N/A       1%          3
 Tukima's Dance           Hex            50%        N/A       1%          3
 Vampiric Draining        Necr           50%        2d9       1%          3
 Volatile Blastmotes      Fire/Tloc      100%       2d18      1%          3
 Dimensional Bullseye     Hex/Tloc       43%        N/A       1%          4
 Iskenderun's Mystic Bla  Conj/Tloc      86%        2d17      (+2d91%     4
 Vhi's Electric Charge    Tloc/Air       100%       N/A       1%          4
 Metabolic Englaciation   Hex/Ice        36%        N/A       1%          5
 Summon Forest            Summ/Tloc      43%        N/A       1%          5
 Dispersal                Tloc           54%        N/A       1%          6
 Gell's Gavotte           Tloc           54%        2d(35-53) 1%          6
 Airstrike                Air            25%        2d(4-20)  3%          4
 Anguish                  Hex/Necr       25%        N/A       3%          4
 Animate Armour           Summ/Erth      100%       N/A       3%          4
 Animate Dead             Necr           50%        N/A       3%          4
 Brom's Barrelling Bould  Conj/Erth      50%        2d7       3%          4
 Flame Wave               Conj/Fire      50%        2d12      3%          4
 Fulminant Prism          Conj/Alch      25%        3d14      3%          4
 Ignite Poison            Fire/Alch      50%        N/A       3%          4
 Leda's Liquefaction      Alch/Erth      25%        N/A       3%          4
 Martyr's Knell           Necr/Summ      50%        N/A       3%          4
 Olgreb's Toxic Radiance  Alch           50%        N/A       3%          4
 Sticky Flame             Fire/Alch      50%        2d9       3%          4
 Summon Blazeheart Golem  Fire/Summ      50%        N/A       3%          4
 Summon Lightning Spire   Summ/Air       50%        N/A       3%          4
 Freezing Cloud           Conj/Ice/Air   32%        6-21      3%          5
 Disjunction              Tloc           54%        N/A       3%          8
 Ozocubu's Refrigeration  Ice            44%        4d17      8%          7
 Permafrost Eruption      Ice/Erth       36%        2x4d8     9%          6
 Sculpt Simulacrum        Ice/Alch       36%        N/A       9%          6
 Alistair's Intoxication  Alch           33%        N/A       10%         5
 Arcjolt                  Conj/Air       25%        1d35      10%         5
 Borgnjor's Vile Clutch   Necr/Erth      25%        N/A       10%         5
 Curse of Agony           Necr           50%        N/A       10%         5
 Fireball                 Conj/Fire      25%        3d11      10%         5
 Irradiate                Conj/Alch      25%        3d20      10%         5
 Iskenderun's Battlesphe  Conj           50%        2d10      10%         5
 Lee's Rapid Deconstruct  Erth           25%        3d14*     10%         5
 Silence                  Hex/Air        25%        N/A       10%         5
 Summon Mana Viper        Hex/Summ       50%        N/A       10%         5
 Yara's Violent Unravell  Hex/Alch       25%        3d11      10%         5
 Malign Gateway           Summ/Tloc      43%        N/A       12%         7
 Conjure Ball Lightning   Conj/Air       25%        3x3d7     50%         6
 Death Channel            Necr           25%        N/A       50%         6
 Eringya's Noxious Bog    Alch           25%        4d6       50%         6
 Plasma Beam              Fire/Air       25%        2x1d37    50%         6
 Starburst                Conj/Fire      25%        6d8       50%         6
 Summon Cactus Giant      Summ           25%        N/A       50%         6
 Enfeeble                 Hex            25%        N/A       97%         7
 Haunt                    Necr/Summ      25%        N/A       97%         7
 Monstrous Menagerie      Summ           25%        N/A       97%         7
 Orb of Destruction       Conj           25%        9d9       97%         7
 Spellforged Servitor     Conj/Summ      25%        N/A       97%         7
 Summon Hydra             Summ           25%        N/A       97%         7
 Borgnjor's Revivificati  Necr           25%        N/A       100%        8
 Discord                  Hex            25%        N/A       100%        8
 Ignition                 Fire           25%        3d8       100%        8
 Infestation              Necr           25%        N/A       100%        8
 Lehudib's Crystal Spear  Conj/Erth      25%        10d7      100%        8
 Maxwell's Capacitive Co  Air            25%        ∞         100%        8
 Summon Horrible Things   Summ           25%        N/A       100%        8
 Chain Lightning          Conj/Air       25%        3d33      100%        9
 Death's Door             Necr           25%        N/A       100%        9
 Fire Storm               Conj/Fire      25%        8d6       100%        9
 Polar Vortex             Ice            44%        12d5*     100%        9
 Sublimation of Blood     Necr           Unusable   N/A       N/A         2

Dungeon Overview and Level Annotations

Branches:
Dungeon (15/15)            Temple (1/1) D:5            Lair (5/5) D:8
 Shoals (4/4) Lair:2        Snake (4/4) Lair:3        Slime (5/5) Lair:4
    Orc (2/2) D:9             Elf (3/3) Orc:2        Vaults (5/5) D:14
  Crypt (3/3) Vaults:2       Tomb (0/3) Crypt:3      Depths (4/4) D:15
    Zot (0/5) Depths:4    Volcano (visited)         Gauntlet (visited)

Altars:
Ashenzari
Cheibriados
Dithmenos
Elyvilon
Fedhas
Gozag
Hepliaklqana
Kikubaaqudgha
Makhleb
Nemelex Xobeh
Okawaru
Qazlal
Ru
Sif Muna
Trog
Uskayaw
Vehumet
Wu Jian
Xom
Yredelemnul
Zin
The Shining One
Jiyva

Shops:
D:9 :   D:10 [   Orc:2 ?=*(*   Shoals:2 (   Vaults:1 *   Vaults:2 (!
Vaults:5 [!:*

Portals:
Hell: Depths:1 Depths:2 Depths:3 Depths:4
Abyss: Depths:2 Depths:3
Pandemonium: Orc:2 Depths:1 Depths:2

Annotations:
D:3 1 runed translucent door, Decysan's ghost, amateur MfSh
D:4 1 runed translucent door, Dega's ghost, amateur DsFi
D:11 1 runed translucent door, Lovepenguin's ghost, journeyman OnBe
Temple 2 transporters
Lair:3 1 runed translucent door, Buubuun's ghost, journeyman MDFi
Shoals:2 6 transporters
Snake:2 2 transporters, Eqogoitu's ghost, adept DEEE


Innate Abilities, Weirdness & Mutations

You are a living statue of rough stone.
Your actions are slow, but your melee attacks are powerful.
You are resistant to unholy torment.
Your maximum health is greatly increased.
Your equipment is partially melded.
You are too large for most types of armour.
You are immune to poison.
You have a pair of small horns on your head.
((You have tough skin. (AC +1)))
You gain doubled healing and magic from potions.
Whenever you drink a healing potion, you attack all around you.
You have sharp toenails.
You have a somewhat thin skeletal structure. (Dex +2, Stealth+)
Your flesh is heat resistant. (rF+)
You are robust. (+10% HP)
You occasionally shout uncontrollably at your foes.


Message History

The demonspawn warmonger completely misses you.
Unknown command.
Unknown command.
Unknown command.
Unknown command.
You take a swig of the potion and twirl your +9 spectral giant spiked club.
You crush the Brimstone Fiend like a grape!!!!
You kill the Brimstone Fiend!
Cheibriados appreciates the change of pace.
You bludgeon the balrug!! Your kick misses the balrug.
The balrug is moderately wounded.
You hammer the demonspawn warmonger like a gong!!!
You claw the demonspawn warmonger.
Your headbutt misses the demonspawn warmonger.
The demonspawn warmonger is severely wounded.
You savour every drop.
You feel better.
The demonspawn warmonger blocks your +9 spectral giant spiked club's attack.
Your +9 spectral giant spiked club hits the balrug!!!
Your magic seems less tainted.
You regain access to your magic.
You hear a shout!
You hear a roar! x2
The demonspawn warmonger hits you from afar with a +1 demon trident of flaming.
* * * LOW HITPOINT WARNING * * *
The demonspawn warmonger barely misses you.
The demonspawn warmonger is temporarily struck blind!
The demonspawn warmonger claws you but does no damage.
The demonspawn warmonger misses you.
The demonspawn warmonger completely misses you.
The balrug closely misses you.
A hell beast comes into view.
The demonspawn warmonger completely misses you.
The demonspawn warmonger barely misses you. x2
The demonspawn warmonger mumbles some strange prayers to its god against you.
Your magic feels tainted.
A Tzitzimitl comes into view.
The Tzitzimitl calls on the powers of darkness!
Your body is wracked with pain!
* * * LOW HITPOINT WARNING * * *
The demonspawn warmonger hits you from afar with a +1 demon trident of flaming!!
You die...
Cheibriados appreciates the motionlessness of death.

▓▓▓▓▓▓▓▓▓▓
▓.............(.▓
▓............2I.▓
▓............16)▓
▓...........6...▓
▓..........16...▓
▓......)...62.1.▓
▓....°°..6.2...2▓
....#...°)......#2.
........°.).1......
.......°.°°.....1


You could see 3 demonspawn warmongers, 4 Tzitzimimeh, a demonspawn blood saint
(fast), a demonspawn black sun, a hell beast, a lorocyproca (invisible), a
balrug, a blizzard demon, a hellion and a friendly +9 spectral giant spiked
club.

Vanquished Creatures
  the Royal Jelly (Slime:5)
  Frederick (Depths:3)
  2 ancient liches (Zig:14)
  4 dread liches
  2 juggernauts (Depths:2)
  5 royal mummies
  Josephina (Depths:4)
  6 shard shrikes (Zig:19)
  Saint Roka (Vaults:1)
  Vashnia (Snake:2)
  9 Killer Klowns
  2 curse toes (Crypt:3)
  10 caustic shrikes
  18 pandemonium lords
  3 golden dragons
  Jory (Crypt:2)
  Norris (Vaults:3)
  A golden dragon (shapeshifter) (Zig:10)
  2 bone dragons (Crypt:1)
  4 iron giants
  6 Brimstone Fiends
  An electric golem (Zig:5)
  2 doom hounds (Crypt:2)
  6 Tzitzimimeh
  5 Ice Fiends
  2 shard shrike skeletons (Crypt:1)
  Grunn (Crypt:2)
  12 Hell Sentinels
  A walking earthen tome (Depths:2)
  4 tentacled monstrosities
  8 liches
  Asterion (Snake:4)
  3 quicksilver dragons (Zig:26)
  5 titans (Vaults:5)
  5 deep elf blademasters
  A walking frostbound tome (Zig:19)
  Gastronok (D:11)
  57 acid blobs
  6 deep elf master archers
  17 ancient champions
  9 sphinxes
  4 Executioners
  A sphinx (shapeshifter) (Zig:25)
  9 tengu reavers
  6 shadow dragons
  6 revenants
  4 protean progenitors
  5 storm dragons
  27 nagarajas
  The ghost of Xiaw the Black Belt, an adept DsFi of Gozag (Elf:2)
  Donald (Slime:1)
  Roxanne (D:14)
  9 fire giants
  Ilsuiw (Shoals:4)
  30 azure jellies
  2 draconian shifters (Depths:4)
  2 fenstrider witches (Zig:12)
  37 rockslimes
  6 demonspawn warmongers
  An azure jelly (shapeshifter) (Zig:10)
  6 iron dragons
  4 quicksilver elementals (Zig:20)
  4 draconian knights (Zig:19)
  4 balrugs
  5 ghouls
  A caustic shrike zombie (Zig:11)
  6 deep elf sorcerers
  11 frost giants
  4 curse skulls
  4 deep elf elementalists
  19 vault wardens
  2 angels (Elf:2)
  A juggernaut zombie (Crypt:1)
  A draconian stormcaller (Depths:4)
  5 cacodemons
  11 orc warlords
  26 quicksilver oozes
  A broodmother (shapeshifter) (Depths:1)
  5 formless jellyfish
  A stone giant (shapeshifter) (Zig:25)
  14 very ugly things
  19 ironbound preservers
  8 ironbound thunderhulks
  3 juggernaut skeletons (Crypt:1)
  24 stone giants
  2 eleionomae (shapeshifter) (Zig:25)
  2 caustic shrike skeletons (Crypt:1)
  2 demonspawn corrupters
  2 black draconians (Depths:4)
  5 dire elephants (Vaults:3)
  9 deep elf annihilators
  A minotaur (Gauntlet)
  2 eleionomae (Zig:12)
  12 vampire knights
  A purple draconian (Depths:4)
  A lorocyproca (Zig:27)
  4 deep elf death magi
  A green draconian (Depths:4)
  3 demonspawn black suns
  A dire elephant (shapeshifter) (Zig:25)
  3 war gargoyles
  10 eidola
  A minotaur (shapeshifter) (Zig:25)
  2 yellow draconians (Depths:4)
  13 iron golems
  7 spark wasps
  3 green deaths
  6 crystal guardians
  9 blizzard demons
  8 merfolk javelineers (Shoals:4)
  5 merfolk impalers
  5 mummy priests
  17 ettins
  2 entropy weavers
  4 deep elf high priests
  15 jiangshi
  7 fire dragons
  14 yaktaur captains
  10 great orbs of eyes
  A shambling mangrove (Zig:12)
  3 ice dragons
  37 vault guards
  A fenstrider witch zombie (Crypt:1)
  2 ogre magi
  2 quicksilver dragon skeletons (Crypt:1)
  4 rakshasas
  A peacekeeper (Vaults:4)
  11 salamander tyrants
  6 hydras
  3 caustic shrike simulacra
  3 demonspawn (Orc:2)
  2 jorogumos (Zig:25)
  A hell beast (Depths:1)
  An alligator (shapeshifter) (Zig:25)
  7 spriggan air magi
  3 two-headed ogres
  4 merfolk aquamancers
  A merfolk avatar (Shoals:4)
  2 alligators (Zig:12)
  A catoblepas (D:15)
  2 death knights
  2 spriggan skeletons
  2 alligator snapping turtles
  16 anacondas
  A juggernaut simulacrum (Zig:19)
  12 centaur warriors
  7 ironbound frosthearts
  33 dancing weapons
  10 boulder beetles
  4 satyrs
  5 deep troll earth magi
  6 deep troll shamans
  4 death scarabs (Zig:13)
  7 vampire magi
  A sphinx skeleton (Crypt:3)
  A titan zombie (Zig:13)
  11 tengu warriors
  15 naga warriors
  25 orc high priests
  A crystal echidna (Zig:20)
  20 naga sharpshooters
  An occultist (D:15)
  2 titan skeletons
  13 shock serpents
  2 soul eaters
  21 deep elf knights
  A spriggan (Zig:12)
  4 sun demons (Volcano)
  13 skysharks
  2 shadow wraiths
  10 iron trolls
  A spectral spark wasp (Depths:1)
  2 skysharks (shapeshifter)
  Sonja (D:12)
  21 deep elf archers
  A bunyip zombie (Crypt:1)
  A goliath frog (Zig:12)
  A sixfirhy (Zig:23)
  47 skeletal warriors
  3 storm dragon skeletons
  An iron giant zombie (Crypt:3)
  3 salamander mystics
  5 flayed ghosts
  A golden dragon zombie (Depths:2)
  7 mana vipers
  A swamp dragon (shapeshifter) (Zig:14)
  5 large abominations
  2 sun moths (shapeshifter)
  A mana viper (shapeshifter) (Zig:25)
  2 spriggan druids
  17 sea snakes
  3 swamp dragons
  8 arcanists
  2 bog bodies (Crypt:3)
  A kraken simulacrum (Shoals:4)
  An anaconda (shapeshifter) (Vaults:5)
  An anaconda zombie (Crypt:2)
  51 deep trolls
  A bunyip skeleton (Crypt:3)
  11 glowing orange brains
  2 glowing orange brains (shapeshifter) (Zig:25)
  2 spriggan simulacra (Zig:19)
  2 obsidian statues (Zig:19)
  11 naga ritualists
  16 orc knights
  A tengu zombie (Zig:13)
  An orange crystal statue (Zig:19)
  3 obsidian bats
  26 harpies
  7 thermic dynamos
  3 shadow dragon zombies
  4 necromancers
  2 golden dragon skeletons
  An iron dragon zombie (Zig:11)
  A tengu skeleton (Depths:2)
  21 orc sorcerers
  16 phantasmal warriors
  27 deep elf zephyrmancers
  A sphinx simulacrum (Zig:13)
  21 ironbound convokers
  42 deep elf pyromancers
  A lindwurm (shapeshifter) (Vaults:5)
  A wolf spider (shapeshifter) (Depths:2)
  12 cyclopes
  A glowing shapeshifter (Elf:1)
  23 ugly things
  21 shining eyes
  5 lindwurms
  22 salamanders
  2 moths of wrath (Zig:21)
  10 fauns (Shoals:3)
  Maurice (Orc:2)
  11 manticores
  A shining eye (shapeshifter) (Vaults:5)
  3 frost giant skeletons
  A moth of wrath (shapeshifter) (D:13)
  2 manticores (shapeshifter)
  A fire giant skeleton (Depths:2)
  A dire elephant zombie (Crypt:3)
  6 water nymphs
  7 merfolk sirens
  Joseph (Lair:1)
  A faun (shapeshifter) (Zig:25)
  14 elephants
  12 kobold blastminers
  A storm dragon simulacrum (Depths:4)
  4 apocalypse crabs
  A water nymph (shapeshifter) (Vaults:5)
  10 guardian serpents
  An ice statue (Zig:19)
  3 iron dragon skeletons (Crypt:1)
  22 vault sentinels
  An eye of devastation (shapeshifter) (Vaults:5)
  A black draconian zombie (Crypt:2)
  22 naga magi
  6 eyes of devastation
  A rust devil (Orc:2)
  50 black mambas
  3 smoke demons (Volcano)
  16 cane toads
  A titan simulacrum (Depths:4)
  2 torpor snails
  14 gargoyles
  A naga skeleton (Crypt:3)
  2 kobold demonologists
  7 unseen horrors
  2 freezing wraiths
  40 yaktaurs
  Maggie (D:7)
  9 komodo dragons
  2 unseen horror zombies
  A hellion (Zig:20)
  A minotaur zombie (Crypt:1)
  6 rime drakes
  A spark wasp simulacrum (Depths:2)
  9 guardian mummies
  2 alligator snapping turtle skeletons (Crypt:1)
  A komodo dragon (shapeshifter) (Zig:25)
  A yaktaur (shapeshifter) (Vaults:5)
  3 ice devils
  A red draconian skeleton (Crypt:1)
  3 tormentors
  2 efreet (D:15)
  A golden dragon simulacrum (Depths:4)
  5 red devils
  8 tengu conjurers
  4 harpy zombies
  A queen bee (shapeshifter) (D:13)
  A white draconian skeleton (Crypt:2)
  38 merfolk
  9 trolls
  2 bloated husks (Zig:12)
  A tyrant leech (Zig:12)
  2 hellwings (Zig:27)
  2 polar bears
  5 hornets
  11 wind drakes
  13 snapping turtles
  23 blink frogs
  A tarantella zombie (Crypt:2)
  2 harpy skeletons (Crypt:1)
  4 dream sheep (Lair:5)
  An ettin zombie (Crypt:1)
  4 snapping turtles (shapeshifter)
  A spriggan zombie (Depths:2)
  138 slime creatures
  6 glass eyes
  25 water elementals
  2 air elementals
  6 shadows
  3 guardian serpent skeletons (Crypt:1)
  2 culicivoras (Vaults:1)
  5 wyverns
  A centaur simulacrum (D:14)
  A vampire (D:12)
  9 wraiths
  A naga simulacrum (Crypt:3)
  65 yaks
  A culicivora (shapeshifter) (Depths:3)
  10 humans (D:15)
  An alligator snapping turtle simulacrum (Crypt:3)
  A human (shapeshifter) (Zig:25)
  10 ushabtiu
  9 basilisks
  4 fire elementals
  3 vampire mosquitoes
  14 golden eyes
  9 redbacks
  A neqoxec (Orc:2)
  8 wargs
  Menkaure (D:7)
  7 steam dragons
  40 nagas
  3 small abominations (Depths:3)
  7 chaos spawn
  2 glowing shapeshifter zombies
  4 acid dragons
  8 water moccasins
  3 hell hounds (Volcano)
  3 swamp drakes
  A cane toad skeleton (Crypt:3)
  2 glowing shapeshifter skeletons (Zig:11)
  3 manticore zombies (Shoals:4)
  A two-headed ogre skeleton (Crypt:2)
  69 orc warriors
  A sky beast (D:8)
  13 laughing skulls
  A human zombie (Vaults:2)
  An ice beast (D:8)
  A blink frog zombie (Crypt:3)
  12 ogres
  5 boggarts
  17 wolves
  13 centaurs
  3 phantoms
  2 kobold brigands
  6 gnoll sergeants
  A yaktaur zombie (Crypt:3)
  A brain worm (Zig:10)
  12 bullfrogs
  A glowing shapeshifter simulacrum (Depths:4)
  A vine stalker zombie (Crypt:2)
  8 earth elementals
  A scorpion (D:6)
  A warg skeleton (Crypt:2)
  A wight (D:6)
  A troll zombie (D:9)
  9 killer bees
  A troll skeleton (Crypt:1)
  A wolf zombie (Crypt:1)
  10 electric eels
  6 howler monkeys
  13 hounds
  5 jellies (Lair:4)
  2 gnoll boudas (D:10)
  37 orc priests
  A centaur skeleton (Crypt:2)
  Natasha (twice) (D:4)
  6 iguanas
  16 orc wizards
  5 hell rats (Lair:5)
  A killer bee zombie (D:9)
  5 ogre zombies (D:9)
  16 mummies
  Robin (D:3)
  36 gnolls
  11 adders
  2 shadow imps
  2 white imps (Gauntlet)
  5 ribbon worms
  2 dart slugs
  69 orcs
  4 ball pythons
  2 bat zombies
  13 endoplasms
  6 giant cockroaches
  9 goblins
  11 hobgoblins
  10 jackals
  4 quokkas
  A ball python zombie (Crypt:1)
  17 bats
  An endoplasm zombie (Crypt:1)
  4 frilled lizards
  4 gnoll skeletons (D:9)
  3 gnoll zombies (D:9)
  13 kobolds
  2 orc skeletons
  11 orc zombies (D:9)
  7 rats
  A river rat zombie (Crypt:3)
  5 aspiring fleshes
  A butterfly (Lair:4)
  17 fire vortices
3076 creatures vanquished.

Vanquished Creatures (collateral kills)
  2 wights (D:6)
  A gnoll (D:4)
  A ribbon worm (D:4)
4 creatures vanquished.

Vanquished Creatures (others)
  2 pandemonium lords
  A fire giant (Depths:4)
  A swamp dragon (Zig:12)
  A rime drake (Zig:19)
  A slime creature (D:15)
  4 water elementals (Depths:3)
  A naga (Zig:26)
  A wight (D:6)
  An orc wizard (Orc:2)
  17 spectral weapons
30 creatures vanquished.

Grand Total: 3110 creatures vanquished

Notes
Turn   | Place    | Note
-------+----------+-------------------------------------------
     0 | D:1      | bochi the Oni Ice Elementalist began the quest for the Orb.
     0 | D:1      | Reached XP level 1. HP: 16/16 MP: 3/3
   218 | D:1      | Reached XP level 2. HP: 26/26 MP: 3/5
   222 | D:1      | Reached skill level 1 in Fighting
   849 | D:2      | Reached XP level 3. HP: 23/33 MP: 2/7
   857 | D:2      | Learned a level 3 spell: Frozen Ramparts
   861 | D:2      | Learned a level 3 spell: Ozocubu's Armour
  1236 | D:2      | Reached skill level 2 in Fighting
  1312 | D:2      | Reached XP level 4. HP: 42/42 MP: 3/8
  1879 | D:2      | Found a basalt altar of Yredelemnul.
  2374 | D:3      | Found a runed translucent door.
  2375 | D:3      | Noticed Decysan's ghost (amateur MfSh)
  2412 | D:3      | Reached XP level 5. HP: 43/50 MP: 6/10
  2826 | D:3      | Noticed Robin
  2830 | D:3      | Reached skill level 1 in Maces & Flails
  2839 | D:3      | Killed Robin
  2840 | D:3      | Reached skill level 3 in Fighting
  3746 | D:3      | Found a faded altar of an unknown god.
  4063 | D:4      | Reached XP level 6. HP: 51/61 MP: 7/11
  4366 | D:4      | Reached skill level 5 in Ice Magic
  4612 | D:4      | Noticed Natasha
  4618 | D:4      | Killed Natasha
  4923 | D:4      | Reached skill level 4 in Fighting
  5058 | D:4      | You fall into a shaft and drop 1 floor!
  5058 | D:5      | Entered Level 5 of the Dungeon
  5081 | D:5      | Reached XP level 7. HP: 63/70 MP: 10/13
  5110 | D:5      | Found a staircase to the Ecumenical Temple.
  5116 | Temple   | Found a transporter.
  5116 | Temple   | Found a transporter.
  5116 | Temple   | Found a transporter.
  5116 | Temple   | Found a transporter.
  5116 | Temple   | Entered the Ecumenical Temple
  5130 | Temple   | Became a worshipper of Cheibriados the Contemplative
  5526 | D:4      | Reached skill level 5 in Fighting
  5526 | D:4      | Reached skill level 5 in Spellcasting
  6011 | D:4      | Found a runed translucent door.
  6035 | D:4      | Noticed Natasha
  6042 | D:4      | Killed Natasha
  6211 | D:4      | Noticed Dega's ghost (amateur DsFi)
  6562 | D:6      | Identified the +4 dagger of Spontaneous Combustion {freeze,
                  | ^Contam rElec Int+3}
  6584 | D:6      | Reached XP level 8. HP: 76/83 MP: 11/15
  6643 | D:6      | Reached * piety under Cheibriados
  6772 | D:6      | Reached skill level 6 in Fighting
  7057 | D:6      | Reached ** piety under Cheibriados
  7689 | D:7      | Reached skill level 7 in Fighting
  7833 | D:7      | Noticed Maggie
  7854 | D:7      | Killed Maggie
  7855 | D:7      | Reached skill level 5 in Maces & Flails
  7855 | D:7      | Reached XP level 9. HP: 81/94 MP: 5/16
  7975 | D:7      | Noticed Menkaure
  7982 | D:7      | Killed Menkaure
  7983 | D:7      | Reached skill level 8 in Fighting
  8678 | D:8      | Found a staircase to the Lair.
  8679 | D:8      | Noticed a komodo dragon
  8714 | D:8      | Killed a komodo dragon
  8868 | D:8      | Reached skill level 9 in Fighting
  9033 | D:8      | Reached *** piety under Cheibriados
  9114 | D:8      | Found a burning altar of Makhleb.
  9158 | D:8      | Found a sparkling altar of Nemelex Xobeh.
  9330 | D:8      | Noticed a hornet
  9337 | D:8      | Killed a hornet
  9338 | D:8      | Reached XP level 10. HP: 58/107 MP: 10/17
  9546 | D:8      | Identified the +0 plate armour of Negation {rElec rF+++
                  | Dex-4 Stlth-}
  9547 | D:8      | Found The Oracle's Delphic Readings.
  9687 | D:9      | Found Geyps's Tremendous Tomes.
  9887 | D:9      | Found a basalt altar of Yredelemnul.
 10123 | D:9      | Found a staircase to the Orcish Mines.
 10123 | D:9      | Noticed a two-headed ogre
 10436 | D:9      | Found a radiant altar of Vehumet.
 10452 | D:9      | Found an ornate altar of the Wu Jian Council.
 10585 | D:9      | Reached skill level 10 in Maces & Flails
 10834 | D:9      | Identified the +6 scale mail "Togaadi" {Rampage rCorr}
 10920 | D:9      | Noticed a five-headed hydra
 10921 | D:9      | Noticed a centaur warrior
 10928 | D:9      | Killed a five-headed hydra
 10932 | D:9      | Killed a centaur warrior
 10932 | D:9      | Reached **** piety under Cheibriados
 10933 | D:9      | Reached XP level 11. HP: 34/115 MP: 12/18
 11861 | Lair:1   | Entered Level 1 of the Lair of Beasts
 11879 | Lair:1   | Noticed Joseph
 11893 | Lair:1   | Killed Joseph
 12330 | Lair:1   | Reached ***** piety under Cheibriados
 12396 | Lair:1   | Learned a level 7 spell: Manifold Assault
 12554 | Lair:1   | Reached skill level 1 in Translocations
 13046 | Lair:2   | Reached XP level 12. HP: 107/123 MP: 14/20
 13111 | Lair:2   | Found a dark tunnel.
 13127 | Volcano  | Entered a volcano
 13321 | Volcano  | Noticed a sun demon
 13336 | Volcano  | Killed a sun demon
 13338 | Volcano  | Noticed a sun demon
 13358 | Volcano  | Noticed a sun demon
 13359 | Volcano  | Killed a sun demon
 13367 | Volcano  | Killed a sun demon
 13458 | Volcano  | Noticed a sun demon
 13531 | Volcano  | Killed a sun demon
 13635 | Volcano  | Noticed a fire dragon
 13682 | Volcano  | Killed a fire dragon
 13842 | Lair:2   | Reached skill level 15 in Maces & Flails
 14176 | Lair:2   | Found a shadowy altar of Dithmenos.
 14531 | Lair:2   | Found a staircase to the Shoals.
 14978 | Lair:3   | Reached skill level 5 in Translocations
 14982 | Lair:3   | Noticed a five-headed hydra
 15043 | Lair:3   | Killed a five-headed hydra
 15043 | Lair:3   | Reached ****** piety under Cheibriados
 15091 | Lair:3   | Found a staircase to the Snake Pit.
 15101 | Lair:3   | Reached XP level 13. HP: 119/131 MP: 19/25
 15461 | Lair:3   | Found a runed translucent door.
 15462 | Lair:3   | Noticed Buubuun's ghost (journeyman MDFi)
 15466 | Lair:3   | Found a shimmering altar of Xom.
 16149 | Lair:4   | You fall into a shaft and drop 1 floor!
 16149 | Lair:5   | Entered Level 5 of the Lair of Beasts
 16914 | Lair:5   | Reached skill level 10 in Spellcasting
 17069 | Lair:4   | Reached XP level 14. HP: 52/140 MP: 20/28
 17228 | Lair:4   | Found a viscous altar of Jiyva.
 17228 | Lair:4   | Found a staircase to the Slime Pits.
 19346 | D:10     | Entered Level 10 of the Dungeon
 19772 | D:10     | Found Bainnoiz's Antique Armour Shop.
 20256 | D:10     | Identified a scroll of acquirement
 21012 | D:11     | Found a runed translucent door.
 21012 | D:11     | Noticed a tengu reaver
 21014 | D:11     | Noticed Lovepenguin's ghost (journeyman OnBe)
 21085 | D:11     | Found a shadowy altar of Dithmenos.
 21188 | D:11     | Noticed Gastronok
 21216 | D:11     | Killed Gastronok
 21342 | D:11     | Identified the amulet of Iryhuzoll {Reflect -Cast +Inv
                  | rN+++ Slay+2 SH+5}
 21365 | D:11     | Reached skill level 10 in Translocations
 21519 | D:12     | Noticed Sonja
 21520 | D:12     | Killed Sonja
 21591 | D:12     | Found a gate leading to a gauntlet.
 21606 | Gauntlet | Entered a Gauntlet
 21606 | Gauntlet | Found a transporter.
 21606 | Gauntlet | Found a transporter.
 21606 | Gauntlet | Found a runed translucent gate.
 21606 | Gauntlet | Found a runed translucent gate.
 21620 | Gauntlet | Found a runed translucent gate.
 21631 | Gauntlet | Found a transporter.
 21645 | Gauntlet | Found a large runed translucent door.
 21646 | Gauntlet | Found a large runed translucent door.
 21647 | Gauntlet | Found a large runed translucent door.
 21647 | Gauntlet | Found a large runed translucent door.
 21647 | Gauntlet | Found a large runed translucent door.
 21647 | Gauntlet | Found a large runed translucent door.
 21647 | Gauntlet | Found a large runed translucent door.
 21647 | Gauntlet | Found a large runed translucent door.
 21648 | Gauntlet | Found a runed translucent door.
 21648 | Gauntlet | Found a runed translucent gate.
 21649 | Gauntlet | Found a transporter.
 21649 | Gauntlet | Found a runed translucent gate.
 21649 | Gauntlet | Found a transporter.
 21649 | Gauntlet | Found a transporter.
 21651 | Gauntlet | Found a transporter.
 21651 | Gauntlet | Found a transporter.
 21667 | Gauntlet | Found a transporter.
 21672 | Gauntlet | Found a runed translucent door.
 21679 | Gauntlet | Found a transporter.
 21687 | Gauntlet | Noticed a cacodemon
 21689 | Gauntlet | Found a transporter.
 21694 | Gauntlet | Found a transporter.
 21720 | Gauntlet | Found a large runed translucent door.
 21721 | Gauntlet | Found a large runed translucent door.
 21722 | Gauntlet | Found a large runed translucent door.
 21722 | Gauntlet | Found a large runed translucent door.
 21722 | Gauntlet | Found a large runed translucent door.
 21722 | Gauntlet | Found a large runed translucent door.
 21723 | Gauntlet | Found a runed translucent gate.
 21723 | Gauntlet | Found a large runed translucent door.
 21723 | Gauntlet | Found a runed translucent door.
 21723 | Gauntlet | Found a large runed translucent door.
 21728 | Gauntlet | Found a transporter.
 21731 | Gauntlet | Found a runed translucent door.
 21736 | Gauntlet | Found a runed translucent door.
 21740 | Gauntlet | Found a transporter.
 21780 | Gauntlet | Reached XP level 15. HP: 146/146 MP: 23/30
 21846 | Gauntlet | Identified the amulet "Qechount" {Regen+ Dex+7}
 21963 | Gauntlet | Identified the +1 ring mail of the Monk {Str+3 Slay+2}
 21996 | Gauntlet | Identified the ring of Zin's Wrath {AC+4 Dex+5}
 22235 | D:12     | Found the +8 mithril axe "Arga" {speed, Will+}
 23071 | Orc:1    | Entered Level 1 of the Orcish Mines
 23351 | Orc:2    | Entered Level 2 of the Orcish Mines
 23511 | Orc:1    | Noticed an orc warlord
 23523 | Orc:2    | Killed an orc warlord
 24201 | Orc:2    | Found a staircase to the Elven Halls.
 24255 | Orc:2    | Found Jyxais's General Store.
 24794 | Orc:2    | Noticed Maurice
 24797 | Orc:2    | Killed Maurice
 25043 | Orc:2    | Found Tyijav's General Store.
 25120 | Orc:2    | Gained mutation: Your spells are a little easier to cast,
                  | but a little less powerful. [a neqoxec]
 25231 | Orc:2    | Bought a scroll of fear for 56 gold pieces
 25233 | Orc:2    | Bought a +2 cloak of poison resistance for 222 gold pieces
 25233 | Orc:2    | Bought a scroll of identify for 24 gold pieces
 25233 | Orc:2    | Bought a scroll of teleportation for 36 gold pieces
 25766 | Orc:2    | Found Ruhoz's Jewellery Emporium.
 25766 | Orc:2    | Found Mothrelar's Antique Weapon Shoppe.
 25767 | Orc:2    | Found a one-way gate leading to the halls of Pandemonium.
 25830 | Orc:2    | Found Nuacsol's Magic Scroll Emporium.
 25838 | Orc:2    | Bought a scroll of teleportation for 36 gold pieces
 25838 | Orc:2    | Bought a scroll of revelation for 90 gold pieces
 25838 | Orc:2    | Bought a scroll of fear for 48 gold pieces
 26785 | D:13     | Noticed a tengu reaver
 27163 | D:13     | Killed a tengu reaver
 27376 | D:13     | Reached XP level 16. HP: 144/148 MP: 33/33
 27498 | D:13     | Acquired 1196 gold pieces
 28956 | D:14     | Noticed Roxanne
 28961 | D:14     | Killed Roxanne
 29170 | D:14     | Reached skill level 1 in Shapeshifting
 29772 | D:14     | Found a gate to the Vaults.
 30157 | D:15     | Entered Level 15 of the Dungeon
 30788 | D:15     | Found a staircase to the Depths.
 31487 | D:15     | Found a sparkling altar of Nemelex Xobeh.
 31494 | D:15     | Got Sif Muna's Almanac of the Xenolith and Citrinitas
 32276 | Snake:1  | Entered Level 1 of the Snake Pit
 32472 | D:9      | Bought Guinuero's Atlas of the Warped Dragon for 1472 gold
                  | pieces
 32476 | D:9      | Learned a level 2 spell: Lesser Beckoning
 32584 | Elf:1    | Entered Level 1 of the Elven Halls
 32735 | Elf:1    | Reached XP level 17. HP: 147/162 MP: 35/35
 33078 | Elf:1    | Reached skill level 15 in Spellcasting
 33445 | Elf:1    | Reached skill level 5 in Shapeshifting
 33675 | Elf:1    | HP: 5/162 [+3 glaive of freezing (5)]
 34044 | Elf:1    | Got the Verses on Momentum
 34199 | Elf:1    | Acquired 1032 gold pieces
 35081 | Elf:2    | Found a white marble altar of Elyvilon.
 35081 | Elf:2    | Found a glowing silver altar of Zin.
 35082 | Elf:2    | Found a glowing golden altar of the Shining One.
 35269 | Elf:2    | Noticed a deep elf blademaster
 35271 | Elf:2    | Killed a deep elf blademaster
 35505 | Elf:2    | Reached XP level 18. HP: 160/171 MP: 8/38
 36066 | Elf:2    | Found a runed translucent gate.
 36067 | Elf:2    | Found a runed translucent gate.
 36163 | Elf:2    | Identified the blade talisman of Kindness {rElec Will+
                  | Int+3}
 36190 | Elf:2    | Found a runed translucent gate.
 37325 | Elf:2    | Found a runed translucent gate.
 37325 | Elf:2    | Found a runed translucent gate.
 37325 | Elf:2    | Found a runed translucent gate.
 37326 | Elf:2    | Noticed Xiaw's ghost (adept DsFi)
 37365 | Elf:2    | Killed Xiaw's ghost
 37400 | Elf:3    | Entered Level 3 of the Elven Halls
 37722 | Elf:3    | Noticed a deep elf master archer
 37724 | Elf:3    | Noticed a deep elf blademaster
 37724 | Elf:3    | Noticed a deep elf blademaster
 37724 | Elf:3    | Noticed a deep elf master archer
 37726 | Elf:3    | Killed a deep elf master archer
 37727 | Elf:3    | Killed a deep elf master archer
 37727 | Elf:3    | Killed a deep elf blademaster
 37728 | Elf:3    | Killed a deep elf blademaster
 37729 | Elf:3    | Noticed a deep elf blademaster
 37731 | Elf:3    | Noticed a deep elf master archer
 38174 | Elf:3    | Identified the ring "Lirchigru" {*Corrode rC+ rN+ Str+3
                  | Int+3}
 38175 | Elf:3    | Identified the +6 scimitar "Hajoj" {spect, rN+ Str+3}
 38177 | Elf:3    | Killed a deep elf blademaster
 38177 | Elf:3    | Noticed a deep elf blademaster
 38178 | Elf:3    | Killed a deep elf master archer
 38178 | Elf:3    | Noticed a deep elf master archer
 38183 | Elf:3    | Killed a deep elf blademaster
 38199 | Elf:3    | Killed a deep elf master archer
 38382 | Elf:3    | Noticed a deep elf master archer
 38395 | Elf:3    | Killed a deep elf master archer
 38562 | Elf:3    | Identified the +5 great sword "Jatydica" {chaos, *Slow rC++
                  | rCorr}
 38562 | Elf:3    | Identified the ring "Pugekk" {AC+4 Dex+2}
 38566 | Elf:3    | Reached skill level 15 in Translocations
 38667 | Elf:3    | Identified the +7 trident of Responsibility {antimagic,
                  | Will+ Dex+2 Stlth+}
 38820 | Elf:3    | Got the Octavo of the Chill and Debased Ceremonies
 38822 | Elf:3    | Identified the +3 falchion of Zopar {antimagic, rF+ Will+}
 38861 | Elf:3    | Found the +13 sword of the Doom Knight {doom -Cast ^Drain
                  | Will+}
 38880 | Elf:3    | Identified the staff "Yzejaad" {rC+ Earth}
 38885 | Elf:3    | Acquired a +5 spectral giant spiked club
 39411 | Snake:1  | Reached XP level 19. HP: 179/179 MP: 40/40
 40425 | Snake:2  | Identified the +0 robe "Galig" {Will++}
 40427 | Snake:2  | Noticed Vashnia
 40431 | Snake:2  | Killed Vashnia
 41023 | Snake:2  | Found a transporter.
 41023 | Snake:2  | Noticed Eqogoitu's ghost (adept DEEE)
 41026 | Snake:2  | Found a bloodstained altar of Trog.
 41168 | Snake:2  | Found a transporter.
 42167 | Snake:3  | Reached skill level 10 in Shapeshifting
 42839 | Snake:4  | Entered Level 4 of the Snake Pit
 43297 | Snake:4  | Got a serpentine rune of Zot
 43583 | Snake:4  | Reached XP level 20. HP: 187/187 MP: 30/42
 43628 | Snake:4  | Noticed Asterion
 43633 | Snake:4  | Killed Asterion
 44359 | Shoals:1 | Entered Level 1 of the Shoals
 44717 | Shoals:1 | You fall into a shaft and drop 1 floor!
 44717 | Shoals:2 | Found a transporter.
 44721 | Shoals:2 | Found a transporter.
 44792 | Shoals:2 | Found a transporter.
 44808 | Shoals:2 | Found a transporter.
 44896 | Shoals:2 | Found Faeval's Weapon Shop.
 44961 | Shoals:2 | Identified the +11 quarterstaff of the Endless March {pain,
                  | Int-3 Dex+2 Stlth+}
 46131 | Shoals:2 | Reached skill level 10 in Fighting
 46290 | Shoals:2 | Found a transporter.
 46292 | Shoals:2 | Found a transporter.
 47392 | Shoals:4 | Entered Level 4 of the Shoals
 47692 | Shoals:4 | Noticed Ilsuiw
 47855 | Shoals:4 | Identified the ring "Hiseskes" {Will+ SInv}
 47884 | Shoals:4 | Reached skill level 11 in Fighting
 47889 | Shoals:4 | Killed Ilsuiw
 49034 | Shoals:4 | Identified the +5 flail of Faptuc {venom, Fly rPois Str+3}
 49054 | Shoals:4 | Reached skill level 12 in Fighting
 49055 | Shoals:4 | Reached XP level 21. HP: 133/206 MP: 26/44
 49145 | Shoals:4 | Got a barnacled rune of Zot
 49713 | Vaults:1 | Entered Level 1 of the Vaults
 49733 | Vaults:1 | Reached skill level 1 in Throwing
 49822 | Vaults:1 | Noticed Saint Roka
 49836 | Vaults:1 | Killed Saint Roka
 49939 | Vaults:1 | Found Kaunesk's Assorted Antiques.
 50060 | Vaults:1 | Found the +16 obsidian axe {drain, demonic, Mesm ^Drain Fly
                  | SInv}
 50775 | Vaults:1 | Reached skill level 5 in Throwing
 50776 | Vaults:1 | Reached skill level 13 in Fighting
 50783 | Vaults:1 | Reached skill level 5 in Dodging
 51259 | Vaults:1 | Identified the +9 quarterstaff of Eroaloasenk {holy, rF+
                  | Will+++ Int+3 Stlth-}
 51443 | Vaults:2 | Found a staircase to the Crypt.
 51645 | Vaults:2 | You fall into a shaft and drop 2 floors!
 52876 | Vaults:4 | Reached skill level 14 in Fighting
 53734 | Vaults:3 | Reached XP level 22. HP: 117/224 MP: 13/45
 54218 | Vaults:3 | Reached skill level 1 in Invocations
 54764 | Vaults:3 | Reached skill level 10 in Throwing
 54764 | Vaults:3 | Noticed Norris
 54774 | Vaults:3 | Killed Norris
 54775 | Vaults:3 | Reached skill level 15 in Fighting
 55817 | Vaults:2 | Found Gaonith's Weapon Shop.
 55851 | Vaults:2 | Found Toeloynle's Distillery.
 55861 | Vaults:2 | Bought a potion of brilliance for 80 gold pieces
 55861 | Vaults:2 | Bought a potion of might for 80 gold pieces
 55861 | Vaults:2 | Bought a potion of might for 80 gold pieces
 55861 | Vaults:2 | Bought a potion of resistance for 200 gold pieces
 55861 | Vaults:2 | Bought 2 potions of brilliance for 160 gold pieces
 55861 | Vaults:2 | Bought a potion of curing for 60 gold pieces
 55861 | Vaults:2 | Bought a potion of brilliance for 80 gold pieces
 55861 | Vaults:2 | Bought a potion of enlightenment for 100 gold pieces
 56089 | Vaults:2 | Reached skill level 5 in Invocations
 57295 | Vaults:5 | Entered Level 5 of the Vaults
 57303 | Vaults:5 | Reached XP level 23. HP: 235/235 MP: 31/46
 57539 | Vaults:5 | Noticed a dread lich
 57543 | Vaults:5 | Killed a dread lich
 57694 | Vaults:5 | Identified the +3 mace "Wyigocw" {heavy, *Slow +Blink SInv}
 57817 | Vaults:5 | Noticed a golden dragon
 57819 | Vaults:5 | Reached skill level 15 in Shapeshifting
 57819 | Vaults:5 | Killed a golden dragon
 57992 | Vaults:5 | Noticed a golden dragon
 57996 | Vaults:5 | Killed a golden dragon
 57997 | Vaults:5 | Reached skill level 10 in Invocations
 58294 | Vaults:5 | Identified the +5 rapier "Spiderslayer" {flame, rPois
                  | Stlth+}
 58330 | Vaults:5 | Identified the +9 spear of Hohin {vamp, *Noise rPois Str+6
                  | SInv}
 58457 | Vaults:5 | Found the +8 frozen axe "Frostbite" {freeze, freezing
                  | cloud, *Noise Fly rC+}
 58476 | Vaults:5 | Found Innuebim's General Store.
 58491 | Vaults:5 | Bought a potion of resistance for 160 gold pieces
 58491 | Vaults:5 | Bought a potion of curing for 48 gold pieces
 58499 | Vaults:5 | Found the +15 Maxwell's patent armour {-Cast -Tele rElec
                  | Will+ rCorr}
 58591 | Vaults:5 | Got a silver rune of Zot
 58669 | Vaults:5 | Found Guavav's Distillery.
 58673 | Vaults:5 | Bought a potion of ambrosia for 120 gold pieces
 58673 | Vaults:5 | Bought a potion of cancellation for 120 gold pieces
 58673 | Vaults:5 | Bought a potion of cancellation for 120 gold pieces
 58673 | Vaults:5 | Bought a potion of enlightenment for 75 gold pieces
 58673 | Vaults:5 | Bought a potion of heal wounds for 75 gold pieces
 58677 | Vaults:5 | Found Jiyg's Antique Armour Emporium.
 58838 | Vaults:5 | Reached skill level 15 in Throwing
 58930 | Vaults:5 | Found Onnesm's Distillery.
 58930 | Vaults:5 | Found Xipa's Book Shop.
 58934 | Vaults:5 | Bought a potion of attraction for 60 gold pieces
 58934 | Vaults:5 | Bought a potion of curing for 60 gold pieces
 58934 | Vaults:5 | Bought a potion of enlightenment for 100 gold pieces
 58934 | Vaults:5 | Bought a potion of curing for 60 gold pieces
 58934 | Vaults:5 | Bought a potion of curing for 60 gold pieces
 58934 | Vaults:5 | Bought a potion of enlightenment for 100 gold pieces
 58934 | Vaults:5 | Bought a potion of brilliance for 80 gold pieces
 58934 | Vaults:5 | Bought a potion of heal wounds for 100 gold pieces
 58938 | Vaults:5 | Bought a manual of Fighting for 1200 gold pieces
 59506 | Depths:1 | Entered Level 1 of the Depths
 59569 | Depths:1 | Found a broken altar of Ashenzari.
 59626 | Depths:1 | Identified the +0 pair of boots "Ufru" {rElec Str+3 Int+2}
 60125 | Depths:1 | Found a gateway to Hell.
 60245 | Depths:1 | Reached XP level 24. HP: 248/248 MP: 46/46
 60775 | Slime:1  | Entered Level 1 of the Pits of Slime
 60778 | Slime:1  | Reached skill level 16 in Fighting
 60782 | Slime:1  | Identified the +0 kite shield of the Vacuum {Harm SInv}
 60782 | Slime:1  | Noticed Donald
 60784 | Slime:1  | Killed Donald
 61306 | Crypt:1  | Entered Level 1 of the Crypt
 61565 | Crypt:1  | Reached skill level 17 in Fighting
 61661 | Crypt:1  | Got the Compilation of the Ossuary
 61738 | Crypt:1  | You fall into a shaft and drop 1 floor!
 61856 | Crypt:2  | Noticed Grunn
 61858 | Crypt:2  | Noticed Jory
 61862 | Crypt:2  | Killed Grunn
 61865 | Crypt:2  | Killed Jory
 62093 | Crypt:2  | Reached skill level 18 in Fighting
 62850 | Crypt:1  | Identified the +0 plate armour of the Morning {Harm rN+
                  | Will+ Dex-3}
 62893 | Crypt:1  | Reached skill level 19 in Fighting
 62901 | Crypt:1  | Found the +1 cloak of Starlight {*Dazzle EV+4 Stlth--}
 63723 | Crypt:3  | Entered Level 3 of the Crypt
 63831 | Crypt:3  | Reached XP level 25. HP: 270/270 MP: 46/46
 63959 | Crypt:3  | Reached skill level 20 in Fighting
 64128 | Crypt:3  | Found a staircase to the Tomb.
 64448 | Crypt:3  | Found a basalt altar of Yredelemnul.
 64448 | Crypt:3  | Found an ancient bone altar of Kikubaaqudgha.
 64481 | Crypt:3  | Identified the +3 war axe of Currency {antimagic, rN+ SInv}
 64482 | Crypt:3  | Identified the +1 shadow dragon scales of Impatience {rElec
                  | Will+ Dex+6 Stlth++++}
 64531 | Crypt:3  | Identified the ring "Geihiux" {rF+ rN++ rCorr MP+9 Slay+3}
 64531 | Crypt:3  | Identified the ring "Wymusise" {rElec rN++ Str-3 Int+6}
 64531 | Crypt:3  | Identified the ring of Gunuak {rElec rN++ rCorr Dex-2 SInv}
 65089 | Slime:3  | Reached skill level 21 in Fighting
 65106 | Slime:5  | Entered Level 5 of the Pits of Slime
 65181 | Slime:5  | Noticed the Royal Jelly
 65186 | Slime:5  | Reached skill level 15 in Invocations
 65470 | Slime:5  | Gained mutation: You occasionally lose the ability to drink
                  | potions when taking damage. [a shining eye]
 65536 | Slime:5  | Found a viscous altar of Jiyva.
 65689 | Slime:5  | Killed the Royal Jelly
 65848 | Slime:5  | Identified the +9 flail "Vuegh" {freeze, Int+7}
 65875 | Slime:5  | Identified the staff "Koddiwie" {rF+ Conj}
 65913 | Slime:5  | Identified the +1 short sword of Risk Management {elec, rF+
                  | Dex+4}
 65922 | Slime:5  | Identified the +4 spear of Circularity {flame, *Corrode
                  | rF+++ Int+3 Stlth-}
 66067 | Slime:5  | Identified the +8 long sword "Xiypneipu" {venom, rC- Will-
                  | Str+3 Int+6}
 66068 | Slime:5  | Identified the +5 orcbow of the Sneaky Servitors {freeze,
                  | Will+ Str+2 Dex+2}
 66083 | Slime:5  | Got a slimy rune of Zot
 66084 | Slime:5  | Identified the +8 arbalest of the Warrior {drain, rN+ Int+3
                  | Stlth+}
 66519 | Depths:2 | Reached skill level 22 in Fighting
 66607 | Depths:2 | Found a one-way gateway to a ziggurat.
 66780 | Depths:2 | Found a one-way gate to the infinite horrors of the Abyss.
 66816 | Depths:2 | Identified the maw talisman "Berphomeo" {Will+}
 67119 | Depths:2 | Noticed a juggernaut
 67123 | Depths:2 | Reached XP level 26. HP: 284/291 MP: 46/46
 67123 | Depths:2 | Killed a juggernaut
 67273 | Depths:2 | Noticed a juggernaut
 67306 | Depths:2 | Killed a juggernaut
 67768 | Depths:3 | Identified the orb of the Trilobite {*channel, rElec rPois}
 67768 | Depths:3 | Noticed Frederick
 67774 | Depths:3 | Killed Frederick
 68413 | Depths:4 | Entered Level 4 of the Depths
 68476 | Depths:4 | Identified the ring of Xuroud {Ice Str-2 Int+6 Slay+3}
 68476 | Depths:4 | Noticed Josephina
 68478 | Depths:4 | Killed Josephina
 68480 | Depths:4 | Reached skill level 10 in Dodging
 68614 | Depths:4 | Found a gate to the Realm of Zot.
 68804 | Depths:4 | Identified the +0 scale mail of Theory {rN+}
 69667 | Depths:4 | Identified the +8 mace "Padodghuw" {holy, Fly}
 70526 | Zig:1    | Entered Level 1 of a ziggurat
 70558 | Zig:2    | Entered Level 2 of a ziggurat
 70598 | Zig:3    | Entered Level 3 of a ziggurat
 70633 | Zig:4    | Entered Level 4 of a ziggurat
 70660 | Zig:4    | Identified the amulet "Veuchaha" {Spirit -Tele Int+3 SInv}
 70673 | Zig:5    | Entered Level 5 of a ziggurat
 70729 | Zig:5    | Identified the staff of the Valley {*Slow Fly rPois rC+
                  | Dex+5 Ice}
 70740 | Zig:6    | Entered Level 6 of a ziggurat
 70813 | Zig:6    | Identified the +4 hand axe of the Hungering Gods {drain,
                  | rF+}
 70829 | Zig:7    | Entered Level 7 of a ziggurat
 70834 | Zig:7    | Paralysed by an air elemental for 1 turns
 70881 | Zig:8    | Entered Level 8 of a ziggurat
 70988 | Zig:8    | Identified the staff of Extinguishment {Fly rElec Dex+4
                  | Necro Earth}
 71010 | Zig:9    | Entered Level 9 of a ziggurat
 71025 | Zig:9    | Reached XP level 27. HP: 301/301 MP: 34/46
 71064 | Zig:9    | Identified the +9 great sword of Qeogipog {drain, Dex+3}
 71088 | Zig:10   | Entered Level 10 of a ziggurat
 71097 | Zig:10   | Noticed Nyusim the pandemonium lord
 71097 | Zig:10   | Noticed Yschi the pandemonium lord
 71100 | Zig:10   | Killed Nyusim the pandemonium lord
 71103 | Zig:10   | Killed Yschi the pandemonium lord
 71145 | Zig:10   | Identified the +0 lajatang of the Lamprey {vamp, Fly rC+}
 71167 | Zig:10   | Identified the +0 troll leather armour of Incorporation
                  | {Harm rF- Regen+ Slay+2}
 71185 | Zig:10   | Reached skill level 23 in Fighting
 71194 | Zig:11   | Entered Level 11 of a ziggurat
 71198 | Zig:11   | Noticed a royal mummy
 71199 | Zig:11   | Noticed a royal mummy
 71214 | Zig:11   | Killed a royal mummy
 71214 | Zig:11   | Killed a royal mummy
 71469 | Zig:11   | Identified the amulet "Mucauwed" {Regen+ Str+2}
 71480 | Zig:11   | Identified the +2 ring mail of the Eagle {Will++ rCorr MP+9
                  | Dex+3}
 71500 | Zig:12   | Entered Level 12 of a ziggurat
 71550 | Zig:12   | Identified the staff of Uncertain Death {*Slow rPois rF++
                  | Will+ Stlth+ Alchemy}
 71591 | Zig:13   | Entered Level 13 of a ziggurat
 71603 | Zig:13   | Noticed a royal mummy
 71603 | Zig:13   | Noticed a royal mummy
 71605 | Zig:13   | Noticed a royal mummy
 71614 | Zig:13   | Killed a royal mummy
 71618 | Zig:13   | Killed a royal mummy
 71621 | Zig:13   | Killed a royal mummy
 71837 | Zig:13   | Identified the +10 spear of Prudence {venom, rC++ Str+3
                  | Int+2}
 71852 | Zig:13   | Got Lom Lobon's Encyclopedia of Outbursts
 71855 | Zig:13   | Got the Lessons on Fluctuating Ice
 71897 | Zig:14   | Entered Level 14 of a ziggurat
 71903 | Zig:14   | Noticed a dread lich
 71903 | Zig:14   | Noticed a dread lich
 71907 | Zig:14   | Killed a dread lich
 71908 | Zig:14   | Reached skill level 24 in Fighting
 71908 | Zig:14   | Killed a dread lich
 71911 | Zig:14   | Noticed an ancient lich
 71914 | Zig:14   | Killed an ancient lich
 71915 | Zig:14   | Noticed a dread lich
 71916 | Zig:14   | Noticed an ancient lich
 71921 | Zig:14   | Killed a dread lich
 71921 | Zig:14   | Killed an ancient lich
 72101 | Zig:15   | Entered Level 15 of a ziggurat
 72185 | Zig:15   | Found the macabre finger necklace {Finger+ rN+}
 72195 | Zig:15   | Identified the staff of the Ten Tusks {rPois Dex+3 Alchemy}
 72221 | Zig:15   | Reached skill level 25 in Fighting
 72228 | Zig:16   | Entered Level 16 of a ziggurat
 72281 | Zig:16   | Identified the +1 glaive of the Unstoppable Orbs {heavy,
                  | Str+4}
 72282 | Zig:16   | Identified the +9 hand axe of Slime {pain, rPois rC+ rCorr}
 72287 | Zig:16   | Acquired 1236 gold pieces
 72293 | Zig:16   | Identified the +5 mace of Uskayaw's Inspiration {heavy,
                  | ^Drain rElec Str+4 Int+3}
 72343 | Zig:17   | Entered Level 17 of a ziggurat
 72532 | Zig:17   | Identified the ring of Kiocuing {rPois Str+5 Int-3}
 72593 | Zig:18   | Entered Level 18 of a ziggurat
 72623 | Zig:18   | Gained mutation: Your body sometimes deteriorates upon
                  | taking damage. [a shining eye]
 72721 | Zig:18   | Identified the ring of Jofytz {rF- Will++ AC+4 Dex+4}
 72728 | Zig:18   | Got Hishao's Directory of the Tempestuous Graveyard
 72753 | Zig:18   | Lost mutation: You occasionally lose the ability to drink
                  | potions when taking damage. [potion of mutation]
 72753 | Zig:18   | Lost mutation: Your body sometimes deteriorates upon taking
                  | damage. [potion of mutation]
 72753 | Zig:18   | Lost mutation: Your spells are a little easier to cast, but
                  | a little less powerful. [potion of mutation]
 72753 | Zig:18   | Gained mutation: You have sharp toenails. [potion of
                  | mutation]
 72753 | Zig:18   | Gained mutation: You have a somewhat thin skeletal
                  | structure. (Dex +2, Stealth+) [potion of mutation]
 72753 | Zig:18   | Gained mutation: Your flesh is heat resistant. (rF+)
                  | [potion of mutation]
 72770 | Zig:19   | Entered Level 19 of a ziggurat
 72797 | Zig:19   | Reached skill level 26 in Fighting
 73051 | Zig:19   | Identified the +1 dagger of Neecun {venom, rN+ Will- Str+3
                  | Dex+2}
 73061 | Zig:19   | Identified the +0 robe of the Iron City of Dis {rC+}
 73066 | Zig:19   | Identified the +3 quarterstaff "Nocwo" {heavy, ^Drain rPois
                  | Dex+5}
 73069 | Zig:19   | Identified the +0 chain mail of the Valley {*Slow Int+5
                  | Dex+5}
 73077 | Zig:19   | Identified the +8 spear "Uvaske" {flame, rElec rF+ Str-3
                  | Int+4}
 73100 | Zig:20   | Entered Level 20 of a ziggurat
 73140 | Zig:20   | Reached skill level 27 in Fighting
 73422 | Zig:20   | Identified the +6 morningstar "Gaol" {heavy, *Corrode Fly
                  | rN+ Str+3}
 73436 | Zig:20   | Identified the staff of Fedajuxe {^Fragile Will- Dex+6 Conj
                  | Tloc}
 73444 | Zig:20   | Identified the +10 dagger of Rorem {elec, *Slow rC+ rCorr}
 73448 | Zig:20   | Identified the +5 long sword of the Viper {venom, *Corrode
                  | Will++ Int+3 Stlth+}
 73454 | Zig:20   | Identified the +8 sling of Dacehub {freeze, Will++}
 73459 | Zig:21   | Entered Level 21 of a ziggurat
 73470 | Zig:21   | Reached skill level 15 in Dodging
 73618 | Zig:21   | Found the +13 scythe of Curses {drain, curses, ^Drain}
 73623 | Zig:21   | Identified the amulet "Ziot Zif" {Spirit Harm Regen+ Int+5}
 73625 | Zig:21   | Identified the +4 sling "Ewis" {heavy, rN+ Int+6 Dex-5}
 73627 | Zig:21   | Got the Cyclopedia of Orientation
 73636 | Zig:21   | Identified the staff "Qion" {+Blink rN+ Will++ rCorr Int-5
                  | Necro}
 73639 | Zig:21   | Identified the +5 long sword of the Hidden Vale {vamp,
                  | *Corrode Str+2 Dex+5}
 73647 | Zig:21   | Identified the +7 shortbow of Puxzoero {flame, rN++ Dex+2
                  | Stlth-}
 73648 | Zig:21   | Identified the +10 hand axe of the Singing Gods {freeze,
                  | Will+ MP+9}
 73660 | Zig:21   | Identified the +7 shortbow of Action {flame, Int+4}
 73693 | Zig:22   | Entered Level 22 of a ziggurat
 73729 | Zig:22   | Gained mutation: You occasionally shout uncontrollably at
                  | your foes. [a shining eye]
 73733 | Zig:22   | Gained mutation: You are robust. (+10% HP) [a shining eye]
 73859 | Zig:22   | Found the +8 trishula "Condemnation" {holy, anguish, *Noise
                  | Fly rN+}
 73861 | Zig:22   | Found the +1 Delatra's gloves {ID++}
 73877 | Zig:22   | Identified the staff of Vamish {rPois MP+9 Int+3 Dex+3
                  | Alchemy}
 73881 | Zig:22   | Identified the +7 war axe of Suowi {flame, rF+ Dex+2}
 73900 | Zig:22   | Got the Elucidation of Allies
 73904 | Zig:22   | Identified the +4 ring mail of Neamebag {rElec Dex+3}
 73913 | Zig:23   | Entered Level 23 of a ziggurat
 73927 | Zig:23   | Noticed Zadef the pandemonium lord
 73935 | Zig:23   | Killed Zadef the pandemonium lord
 73955 | Zig:24   | Entered Level 24 of a ziggurat
 74394 | Zig:24   | Found the +2 Maxwell's thermic engine {flame, freeze, rev}
 74416 | Zig:24   | Identified the ring "Efeo" {rN+ EV+5 Int+2}
 74423 | Zig:24   | Identified the ring of Ophodob {+Blink rPois rF+ rC+}
 74435 | Zig:25   | Entered Level 25 of a ziggurat
 74444 | Zig:25   | Noticed Voowuiw the pandemonium lord
 74445 | Zig:25   | Noticed Omnuomob the pandemonium lord
 74447 | Zig:25   | Killed Voowuiw the pandemonium lord
 74450 | Zig:25   | Noticed Qoyt the pandemonium lord
 74452 | Zig:25   | Killed Omnuomob the pandemonium lord
 74454 | Zig:25   | Killed Qoyt the pandemonium lord
 74495 | Zig:25   | Noticed Usue the pandemonium lord
 74498 | Zig:25   | Noticed Tahan the pandemonium lord
 74499 | Zig:25   | Noticed Esurein the pandemonium lord
 74501 | Zig:25   | Killed Usue the pandemonium lord
 74502 | Zig:25   | Noticed Jalissaa the pandemonium lord
 74504 | Zig:25   | Noticed Liskij the pandemonium lord
 74506 | Zig:25   | Killed Esurein the pandemonium lord
 74507 | Zig:25   | Killed Tahan the pandemonium lord
 74508 | Zig:25   | Noticed Nuhi Nus the pandemonium lord
 74510 | Zig:25   | Killed Nuhi Nus the pandemonium lord
 74511 | Zig:25   | Killed Jalissaa the pandemonium lord
 74511 | Zig:25   | Killed Liskij the pandemonium lord
 74515 | Zig:25   | Noticed Yxisois the pandemonium lord
 74517 | Zig:25   | Noticed Qettoaz the pandemonium lord
 74518 | Zig:25   | Noticed Xuukhliom the pandemonium lord
 74520 | Zig:25   | Noticed Tossadec the pandemonium lord
 74521 | Zig:25   | Killed Qettoaz the pandemonium lord
 74522 | Zig:25   | Noticed Beleiwnu the pandemonium lord
 74522 | Zig:25   | Noticed Cafru the pandemonium lord
 74523 | Zig:25   | Killed Xuukhliom the pandemonium lord
 74524 | Zig:25   | Noticed Etupleop the pandemonium lord
 74536 | Zig:25   | Killed Etupleop the pandemonium lord
 74537 | Zig:25   | Killed Yxisois the pandemonium lord
 74538 | Zig:25   | Killed Beleiwnu the pandemonium lord
 74539 | Zig:25   | Killed Tossadec the pandemonium lord
 74540 | Zig:25   | Killed Cafru the pandemonium lord
 74842 | Zig:25   | Got Sif Muna's Directory of the Rallied Brume
 74845 | Zig:25   | Identified the +10 halberd "Waeduecs" {freeze, Will+ MP+9
                  | SInv Stlth-}
 74848 | Zig:25   | Identified the +1 great mace of Extinguishment {heavy, rF-
                  | Will+ Int+8}
 74922 | Zig:26   | Entered Level 26 of a ziggurat
 75101 | Zig:26   | Identified the +6 hand axe of Abomination {drain, ^Contam
                  | Int+8 Dex+4 Stlth-}
 75109 | Zig:26   | Identified the +4 long sword of Woe {speed, rElec}
 75112 | Zig:26   | Got Xeiny's Folio of Becharmed Arson
 75121 | Zig:26   | Identified the ring "Guetrir" {Fire rN++ Will++ Str-3}
 75123 | Zig:26   | Identified the +6 war axe of the Parsimonious God {flame,
                  | rPois}
 75124 | Zig:26   | Identified the +0 sling of Isail {flame, rElec Dex+2
                  | Stlth+}
 75133 | Zig:26   | Identified the ring "Raimit" {rCorr Dex+3}
 75163 | Zig:27   | Entered Level 27 of a ziggurat
 75177 | Zig:27   | Noticed Raotsi the pandemonium lord
 75182 | Zig:27   | Killed Raotsi the pandemonium lord
 75189 | Zig:27   | HP: 21/461 [??? (3)]
 75195 | Zig:27   | HP: 21/461 [demonspawn warmonger/+0 demon blade of
                  | electrocution (8)]
 75196 | Zig:27   | HP: 5/461 [demonspawn warmonger/+0 demon blade of
                  | electrocution (11)]
 75197 | Zig:27   | Mangled by a demonspawn warmonger

Illustrated notes

Levels and vault maps discovered:
D:1:      minmay_arrival_stone_box, layout_rooms, chequers_big_river,
          minmay_hedge_maze, st_stairs_6
D:2:      layout_loops_ring, basic_altar, minmay_pentomino_z4
D:3:      minmay_razor_zed, layout_basic,
          shapermc_ecumenical_altar_mp_ritualfount,
          hellmonk_ghost_happy_afterlife, minmay_splitting_lines,
          nicolae_wormholes, uniq_robin
D:4:      layout_layer_cave, ebering_ghost_reflecting_pool,
          cheibrodos_gnoll_hut, uniq_natasha
D:5:      layout_rooms, minmay_temple_entry_sparse_star, kennysheep_nub,
          corexii_item_surrounded_by_moat
D:6:      layout_loops_ring, roderic_batcave, grunt_decor_arrowhead
D:7:      layout_loops_ring, uniq_maggie, uniq_menkaure
D:8:      layout_rooms, mainiacjoe_overflow_alcove_4, overflow_temple_1_default,
          david_lair_shrubbed, minmay_misc_feat_encased, st_stairs_10,
          nicolae_nh_oracle_at_delphi
D:9:      layout_basic, lemuel_zombie_altar_yredelemnul,
          mainiacjoe_overflow_catwalk_spiral, zombieorc1_lemuel,
          nicolae_lava_and_water, nicolae_shop_i_like_big_books,
          eino_tiny_chamber, minmay_diamond_spiral
D:10:     minmay_inner_zag, layout_cave_pools, serial_gnoll_camp,
          gnoll_camp_huts_basic, gnoll_camp_mini_doghouse,
          gnoll_camp_mini_house, gnoll_camp_mini_shop
D:11:     layout_loops_ring, ebering_ghost_inner_flame, serial_bayou_pond_b,
          nicolae_dithmenos_the_darkroom, uniq_gastronok
D:12:     layout_cave_pods, serial_glass, glass_columns_b, glass_columns_c,
          due_unseen_surprise, minmay_strange_pillars, gauntlet_entry_generic,
          hangedman_decor_points, lightli_corner_chamber, uniq_sonja
D:13:     hangedman_surveillance_ring, layout_basic, serial_glass,
          glass_columns_b, glass_columns_a, kennysheep_island_fort
D:14:     layout_basic, skrybe_vaults_entry_preservation,
          hangedman_decor_diamond_cutter, special_room [special_room_orc],
          uniq_roxanne
D:15:     hellmonk_depths_entry_around_the_bend, layout_cave_pods,
          minmay_misc_feat_pillars, grunt_ministairs_2, roadster_trireme
Temple:   hellmonk_temple_divided_pantheon
Lair:1:   layout_cave_pods, uniq_joseph
Lair:2:   layout_regular_city, mainiacjoe_shoals_entry_four_pools,
          nicolae_volcano_entry_lava_flow, basic_altar, lemuel_fruit_fields,
          infiniplex_staircase_pool
Lair:3:   statuecave_lemuel, layout_regular_city, nicolae_snake_entry_squirm,
          ebering_ghost_xom, serial_bayou_shore_a, grunt_megastairs_5
Lair:4:   layout_long_grid, nicolae_slime_entry_slimehenge,
          infiniplex_staircase_pool_2, lemuel_fruit_fields
Lair:5:   guppyfry_lair_end_dragon, layout_long_grid, grunt_megastairs_1,
          lemuel_fruit_fields
Shoals:1: layout_shoals
Shoals:2: layout_shoals, serial_shops, nicolae_shop_bloodbath_and_beyond,
          nicolae_shoals_lost_giant_pillars, serial_nicolae_subway,
          nicolae_sub_station_stone, nicolae_sub_station_crystal,
          nicolae_sub_station_metal
Shoals:3: layout_shoals
Shoals:4: shoals_end_grunt_ice, layout_shoals, shoal_ilsuiw,
          nicolae_shoals_undead_eyrie
Snake:1:  layout_rooms, nicolae_snake_slithery_corners, grunt_ministairs_5,
          nicolae_snake_springs
Snake:2:  layout_cave_pods, gammafunk_ghost_wrathful_warriors, uniq_vashnia
Snake:3:  layout_onion
Snake:4:  minmay_snake_end_coiled, layout_cave_town, uniq_asterion
Slime:1:  layout_caves, uniq_donald
Slime:2:  layout_caves, basic_altar
Slime:3:  layout_caves
Slime:4:  layout_caves
Slime:5:  slime_pit_nicolae_trefoil
Orc:1:    layout_caves
Orc:2:    pf_orc_diabolical, layout_diamond_mine, serial_shops,
          nicolae_shop_tiny_statue_garden, einodemon_armed_red_devil_minivault,
          uniq_maurice
Elf:1:    minmay_elf_arrival_plus, layout_geoelf_grid, minmay_elf_annihilation,
          drop_trap, nicolae_elf_free_trip_to_the_abyss
Elf:2:    nicolae_elf_blades_crystal_corner, layout_gridlike,
          portal_desolation_entry_holy_temple, ebering_ghost_rock_garden
Elf:3:    minmay_elf_hall, layout_geoelf_octagon
Vaults:1: nicolae_vaults_network_star, nicolae_vaults_double_plus_2, st_cells,
          v_misc_25, hangedman_vaults_cutoff, grunt_vaults_bifocal,
          hangedman_vaults_locks, nicolae_vaults_double_plus_1, v_misc_19,
          nicolae_vaults_more_shelving_2, vaults_room_stairs_pillars,
          nicolae_vaults_surprise_closet, layout_vaults_omnicross, serial_shops,
          nicolae_shop_rolling_square, uniq_saint_roka
Vaults:2: minmay_crypt_entry_simple_round, v_rooms_2, v_misc_1,
          vaults_room_grunt_arrival_checkpoint, nicolae_vaults_shelves_hall,
          nicolae_vaults_octagons, vaults_room_pools,
          vaults_standard_mumra_enter_the_diamond, nicolae_vaults_tetromino_T_1,
          v_misc_19, nicolae_vaults_alarming, v_misc_22,
          grunt_vaults_hallway_long, vaults_room_door_ring, vaults_room_octagon,
          nicolae_vaults_taking_the_gang_shopping, nicolae_vaults_diamond_2,
          vaults_dpeg_cross, layout_vaults_maze, serial_shops,
          nicolae_shop_industrial_runoff
Vaults:3: nicolae_vaults_c_with_doors, nicolae_vaults_mitosis,
          nicolae_vaults_heart-shaped_vault, ontoclasm_vaults_idyll,
          nicolae_vaults_closet_pinwheel_1, hangedman_vaults_slice,
          grunt_vaults_focal, ontoclasm_vaults_chip, nicolae_vaults_apartment_1,
          nicolae_vaults_house_1, layout_vaults_chaotic_city, uniq_norris
Vaults:4: nicolae_vaults_specimen_jars, v_rooms_5, st_more_cells,
          nicolae_vaults_twisting_passages, v_misc_33, ontoclasm_vaults_idyll,
          nicolae_vaults_little_squares_1, v_misc_23, v_misc_19,
          nicolae_vaults_storage_room_glass, nicolae_vaults_closet_pinwheel_5,
          nicolae_vaults_rhombus_6, layout_vaults_omnigrid
Vaults:5
Crypt:1:  nicolae_crypt_knochenhaus, layout_catacombs, special_room
          [special_room_morgue], serial_co_window_serial, co_window_paths_b,
          co_window_paths_a, co_window_corner_a, co_window_paths_a,
          co_window_corner_a, co_window_corner_b, co_window_broadway_b,
          co_window_2corner, glass_columns_c, glass_columns_a, glass_columns_b,
          glass_columns_a, glass_columns_c
Crypt:2:  layout_catacombs, roderic_lattice_octagonal_star, uniq_grunn,
          uniq_jory
Crypt:3:  lightli_unholy_cathedral, layout_chaotic_city,
          tomb_entry_forgotten_bobbens, chequers_hall_statues_y, hex_large
Depths:1: layout_basic, grunt_mini_vestibule, rand_demon_pan_entry_4,
          ashenzari_altar_1
Depths:2: cheibrodos_salmonella, layout_cave_shapes, enter_ziggurat_e,
          hell_entry, abyss_entry_small_statue_room, pan_entry,
          hangedman_glass_teeth, nicolae_fountain_basement
Depths:3: minmay_isolated_rectangles_in_corner, layout_gridville, serial_glass,
          glass_columns_a, glass_columns_a, glass_columns_b, glass_columns_a,
          glass_columns_a, item_on_display_a, minmay_strange_pillars,
          hangedman_coc_ice_floe, minmay_room_of_horrors, lemuel_freeze_loot_1,
          minmay_staircase_bubble, uniq_frederick, uniq_vv
Depths:4: grunt_zot_entry_funnels, layout_basic, serial_co_window_serial,
          co_window_paths_a, co_window_paths_b, co_window_of_opportunity_a,
          co_window_corner_a, co_window_of_opportunity_a, co_window_corner_a,
          co_window_corner_a, co_window_broadway_a, co_window_of_opportunity_c,
          co_window_corner_cb, co_window_corner_cb, co_window_paths_c,
          glass_columns_c, glass_columns_b, hell_entry, uniq_josephina
Zig:27:   ziggurat_pillar_abc, ziggurat_pillar_abc, ziggurat_pillar_abc,
          ziggurat_pillar_abc

Skill      XL: |  1  2  3  4  5  6  7  8  9 10 11 12 13 14 15 16 17 18 19 20 21 22 23 24 25 26 27 |
---------------+----------------------------------------------------------------------------------+-----
Fighting       | 1 2 3 4 5 7 9 12 14 15 19 22 27 | 27.0
Ice Magic      | 4 5 6 7 9 |  9.0
Spellcasting   | 3 4 5 8 10 11 13 14 16 17 18 19 25 | 25.4
Maces & Flails | 1 2 3 5 8 11 14 15 17 18 19 20 21 22 26 | 26.3
Translocations | 2 5 7 10 12 13 14 15 16 | 16.0
Shapeshifting  | 4 6 8 10 11 13 14 15 16 17 19 21 | 21.5
Dodging        | 3 6 7 8 11 15 | 15.2
Throwing       | 8 13 15 16 17 18 21 | 21.5
Invocations    | 7 11 13 16 | 16.0
Stealth        | |  1.4

Action                     |  1- 3 |  4- 6 |  7- 9 | 10-12 | 13-15 | 16-18 | 19-21 | 22-24 | 25-27 || total
---------------------------+-------+-------+-------+-------+-------+-------+-------+-------+-------++-------
  Melee: Unarmed           |    23 |     1 |       |       |       |       |       |       |       ||    24
         Headbutt          |     4 |    15 |    26 |   134 |   239 |    31 |   136 |   136 |   103 ||   824
         Mace              |       |   105 |   139 |   418 |   650 |       |       |       |       ||  1312
         Short sword       |       |     3 |       |       |       |       |       |       |       ||     3
         Giant spiked club |       |       |       |       |   365 |   680 |  1191 |  1028 |  2137 ||  5401
         Kick              |       |       |       |       |       |       |       |       |    33 ||    33
  Throw: Boomerang         |       |       |       |     8 |       |       |       |       |       ||     8
         Throwing net      |       |       |       |       |     3 |       |       |       |       ||     3
         Large rock        |       |       |       |       |       |       |       |    35 |    99 ||   134
   Cast: Freeze            |    36 |     5 |       |     1 |       |       |       |       |       ||    42
         Frozen Ramparts   |     7 |    40 |    37 |    59 |    69 |       |       |       |       ||   212
         Ozocubu's Armour  |       |     2 |    10 |    36 |    51 |     2 |     1 |     4 |     8 ||   114
         Manifold Assault  |       |       |       |       |   123 |   291 |   296 |   227 |   381 ||  1318
         Lesser Beckoning  |       |       |       |       |       |     3 |    13 |       |     1 ||    17
 Invoke: Bend Time         |       |       |     1 |       |       |       |       |       |       ||     1
         Step From Time    |       |       |       |       |       |       |       |       |     1 ||     1
  Evoke: Wand              |       |    15 |     3 |     1 |    15 |       |       |       |       ||    34
         Sack of spiders   |       |       |       |     1 |       |       |       |       |       ||     1
    Use: Scroll            |       |     4 |     5 |    11 |    14 |    20 |     3 |     7 |    14 ||    78
         Potion            |       |       |       |     2 |     2 |     2 |     1 |     6 |    42 ||    55
   Stab: Sleeping          |       |     2 |       |     2 |     3 |     6 |    15 |     5 |       ||    33
         Confused          |       |       |       |       |     4 |       |       |       |       ||     4
         Distracted        |       |       |       |       |     1 |     1 |     4 |     2 |     3 ||    11
         Held in net/web   |       |       |       |       |     1 |       |       |       |       ||     1
         Invisible         |       |       |       |       |       |       |       |       |    17 ||    17
 Armour: Robe              |    48 |   118 |   104 |    73 |   306 |   213 |   686 |   175 |       ||  1723
         Steam dragon scal |       |       |       |   204 |   347 |       |       |       |       ||   551
         Skin              |       |       |       |       |       |       |       |   486 |   978 ||  1464
  Dodge: Dodged            |    26 |   151 |   123 |   230 |   281 |    84 |   320 |   545 |   861 ||  2621
  Block: Kite shield       |       |       |    47 |   313 |   397 |       |       |       |       ||   757
   Form: Statue            |       |       |       |       |       |       |       |     1 |       ||     1

Table legend: (Time is in decaauts)
 A = Elapsed time spent in this place.
 B = Non-inter-level travel time spent in this place.
 C = Inter-level travel time spent in this place.
 D = Time resting spent in this place.
 E = Time spent auto-exploring this place.
 F = Levels seen in this place.
 G = Mean time per level.
                   A        B        C        D        E       F      G
               +--------+--------+--------+--------+--------+-----+--------+
         Total | 125542 | 113541 |  12001 |   5330 |  90591 |  80 | 1569.3 |
       Dungeon |  31320 |  26924 |   4396 |    544 |  22758 |  15 | 2088.0 |
        Temple |     34 |     22 |     12 |      0 |      0 |   1 |   34.0 |
          Lair |  12137 |  10126 |   2011 |    532 |   7751 |   5 | 2427.4 |
        Shoals |   7462 |   7145 |    317 |    139 |   5920 |   4 | 1865.5 |
     Snake Pit |   7962 |   7470 |    492 |    289 |   6135 |   4 | 1990.5 |
    Slime Pits |   3064 |   2950 |    114 |    141 |   2114 |   5 |  612.8 |
  Orcish Mines |   4807 |   4332 |    475 |    544 |   3228 |   2 | 2403.5 |
   Elven Halls |   8561 |   8278 |    283 |   1194 |   5961 |   3 | 2853.7 |
        Vaults |  17794 |  15076 |   2718 |    997 |  12262 |   5 | 3558.8 |
         Crypt |   9042 |   8444 |    598 |    142 |   7038 |   3 | 3014.0 |
        Depths |  12333 |  11751 |    582 |      0 |  10642 |   4 | 3083.2 |
      Ziggurat |   9441 |   9441 |      0 |    538 |   5920 |  27 |  349.7 |
       Volcano |    866 |    866 |      0 |    266 |    304 |   1 |  866.0 |
      Gauntlet |    714 |    714 |      0 |      0 |    551 |   1 |  714.0 |
               +--------+--------+--------+--------+--------+-----+--------+

Top non-repeatable levels by time:
 Crypt:1: 4663 daAuts
Depths:4: 4562 daAuts
Vaults:4: 4266 daAuts
    D:13: 4240 daAuts
   Elf:2: 3902 daAuts
Vaults:5: 3648 daAuts
   Orc:2: 3621 daAuts
Vaults:3: 3483 daAuts
    D:15: 3479 daAuts
     D:9: 3230 daAuts
Vaults:1: 3216 daAuts
Vaults:2: 3179 daAuts
    D:14: 2954 daAuts
  Lair:4: 2741 daAuts
  Lair:5: 2739 daAuts
